 Dungeon Crawl Stone Soup version 0.26-a0-259-g1effd001a9 (webtiles) character file.

Game seed: 1311639788830773258

83 raph the Cutter (level 4, -9/31 HPs)
             Began as a Halfling Abyssal Knight on July 17, 2020.
             Was a Believer of Lugonu.
             Mangled by a gnoll
             ... wielding a +0 flail
              (13 damage)
             ... on level 3 of the Dungeon.
             The game lasted 00:05:01 (3142 turns).

raph the Cutter (Halfling Abyssal Knight)           Turns: 3142, Time: 00:05:02

Health: -9/31      AC:  3    Str: 13    XL:     4   Next: 71%
Magic:  5/5        EV: 13    Int: 10    God:    Lugonu [**....]
Gold:   143        SH:  0    Dex: 14    Spells: 3/3 levels left

rFire    . . .     SeeInvis .   a - +1 short sword
rCold    . . .     Faith    .   (shield restricted)
rNeg     . . .     Spirit   .   b - +0 leather armour
rPois    .         Reflect  .   (no helmet)
rElec    .         Harm     .   (no cloak)
rCorr    .                      (no gloves)
MR       .....                  (no boots)
Stlth    +.........             (no amulet)
HPRegen  0.10/turn              (no ring)
MPRegen  0.09/turn              (no ring)

@: no status effects
A: small, mutation resistance 1
a: Depart the Abyss, Bend Space, Renounce Religion


You were on level 3 of the Dungeon.
You worshipped Lugonu.
Lugonu was pleased with you.
You were not hungry.

You visited 1 branch of the dungeon, and saw 3 of its levels.
You visited the Abyss 1 time.

You collected 143 gold pieces.

Inventory:

Hand Weapons
 a - a +1 short sword (weapon)
Missiles
 d - 98 stones (quivered)
Armour
 b - a +0 leather armour (worn)
Scrolls
 e - a scroll of fog {unknown}
 f - 2 scrolls of teleportation {unknown}
 g - 2 scrolls of amnesia {unknown}
 h - a scroll of remove curse {unknown}
 l - 2 scrolls of noise {unknown}
 m - a scroll of magic mapping {unknown}
Potions
 i - 2 potions of brilliance {unknown}
 j - a potion of might {unknown}
 k - 2 potions of resistance {unknown}
 n - a potion of heal wounds {unknown}
 o - a potion of degeneration {unknown}
Comestibles
 c - 14 rations


   Skills:
 - Level 3.0 Fighting
 * Level 5.0 Short Blades
 - Level 2.3 Armour
 - Level 1.1 Dodging
 - Level 2.1 Invocations


You had 3 spell levels left.
You didn't know any spells.
Your spell library was empty.

Dungeon Overview and Level Annotations

Branches:
Dungeon (3/15)

Altars:
Ashenzari
Dithmenos
Elyvilon
Wu Jian
Xom


Innate Abilities, Weirdness & Mutations

You are small and have problems with some larger weapons.
You are somewhat resistant to further mutation.


Message History

The gnoll hits you.
You hit the gnoll.
The gnoll is heavily wounded.
The gnoll hits you with a +0 flail. The gnoll closely misses you.
You barely miss the gnoll.
The gnoll is heavily wounded.
The gnoll completely misses you. The gnoll barely misses you.
You closely miss the gnoll.
The gnoll is heavily wounded.
The gnoll barely misses you.
You hit the gnoll.
The gnoll is heavily wounded.
The gnoll hits you with a +0 flail! The gnoll hits you.
* * * LOW HITPOINT WARNING * * *
You hit the gnoll.
The gnoll is severely wounded.
The gnoll hits you with a +0 flail.
* * * LOW HITPOINT WARNING * * *
The gnoll closely misses you. The gnoll hits you with a +0 flail!
You die...

#.### ########### #...
#.........# ##.## #
#.....###.####...##.#
#...................#
#.....###.####...####
#.........#
##.######.#
#...g###### #gg......#
###.####### #@########
#......g.# #+#
#..#####g# #..### #.#
#..#.###.#
###.....##.#.........#
...........+.........+
###.#...##.#........)
#.##.###.# .......


You could see 2 gnolls.

Vanquished Creatures
  A gnoll (D:3)
  A howler monkey skeleton (D:3)
  An adder (D:2)
  A dart slug (D:2)
  2 leopard geckos
  3 orcs
  3 giant cockroaches
  5 goblins
  3 hobgoblins
  6 jackals
  5 kobolds
  5 bats
  5 frilled lizards
  3 rats
44 creatures vanquished.

Notes
Turn   | Place    | Note
-------+----------+-------------------------------------------
     0 | Abyss:1  | raph the Halfling Abyssal Knight began the quest for the
                  | Orb.
     0 | Abyss:1  | Reached XP level 1. HP: 15/15 MP: 2/2
    43 | Abyss:1  | Noticed a thrashing horror
    45 | D:1      | Escaped the Abyss
   115 | D:1      | Found a shattered altar of Ashenzari.
   151 | D:1      | Reached XP level 2. HP: 18/20 MP: 3/3
   220 | D:1      | Reached * piety under Lugonu
   465 | D:1      | Reached skill level 3 in Short Blades
   597 | D:1      | Reached XP level 3. HP: 25/26 MP: 4/4
  1404 | D:2      | Reached skill level 4 in Short Blades
  1746 | D:2      | Found a glowing silver altar of Zin.
  1748 | D:2      | Found a shadowy altar of Dithmenos.
  1748 | D:2      | Found a white marble altar of Elyvilon.
  1750 | D:2      | Found an ornate altar of the Wu Jian Council.
  1750 | D:2      | Found a shadowy altar of Dithmenos.
  1750 | D:2      | Found a shimmering altar of Xom.
  1755 | D:2      | Reached XP level 4. HP: 28/31 MP: 5/5
  2436 | D:3      | Reached ** piety under Lugonu
  2436 | D:3      | Reached skill level 5 in Short Blades
  3142 | D:3      | Mangled by a gnoll

Illustrated notes

Levels and vault maps discovered:
D:1:      ncdulo_smallfort, layout_rooms, evilmike_ruin_ashenzari
D:2:      layout_basic, doesnt_xom_only_xom
D:3:      layout_loops_corners, led_sif_pool

Skill      XL: |  1  2  3  4 |
---------------+-------------+-----
Fighting       | 3 |  3.0
Short Blades   | 3 4 5 |  5.0
Armour         | |  2.3
Dodging        | |  1.1
Invocations    | |  2.1

Action                   |  1- 3 |  4- 6 || total
-------------------------+-------+-------++-------
Melee: Short sword       |   125 |    80 ||   205
Invok: Depart the Abyss  |     1 |       ||     1
       Bend Space        |       |     2 ||     2
  Eat: Ration            |     1 |     1 ||     2
Armor: Leather armour    |    27 |    13 ||    40
Dodge: Dodged            |    82 |    64 ||   146

Table legend:
 A = Non-vault XP
 B = Vault XP
 C = Vault XP percentage of total XP
 D = Non-vault monster count
 E = Vault monster count
 F = Vault count percentage of total count
                 A         B        C        D         E       F
            +---------+---------+-------+---------+---------+-------
      Total |     119 |       0 |   0.0 |      44 |       0 |   0.0
            +---------+---------+-------+---------+---------+-------
        D:1 |      32 |       0 |   0.0 |      18 |       0 |   0.0
        D:2 |      47 |       0 |   0.0 |      19 |       0 |   0.0
        D:3 |      40 |       0 |   0.0 |       7 |       0 |   0.0
            +---------+---------+-------+---------+---------+-------
